 Dungeon Crawl Stone Soup version 0.20.1-1-g8b1a95d (webtiles) character file.

315 letownia2 the Grave Robber (level 6, -4/49 HPs)
             Began as a Deep Dwarf Necromancer on Dec 17, 2017.
             Was an Initiate of Gozag.
             Slain by an ogre
             ... wielding a +0 giant club
              (20 damage)
             ... on level 4 of the Dungeon.
             The game lasted 00:11:00 (3602 turns).

letownia2 the Grave Robber (Deep Dwarf Necromancer) Turns: 3602, Time: 00:11:01

Health: -4/49      AC:  6    Str: 12    XL:     6   Next: 20%
Magic:  2/10       EV: 11    Int: 17    God:    Gozag
Gold:   447        SH:  5    Dex: 13    Spells: 7/11 levels left

rFire    + . .     SeeInvis .   f - +0 dagger
rCold    . . .     Gourm    .   l - +2 buckler
rNeg     . . .     Faith    .   n - +0 leather armour
rPois    .         Spirit   .   (no helmet)
rElec    .         Reflect  .   r - +0 cloak
rCorr    .         Harm     .   g - +1 pair of gloves
MR       .....                  (no boots)
Stlth    ++........             (no amulet)
Regen    0.0/turn               j - +3 ring of slaying
MPRegen  0.2/turn               e - ring of protection from fire

@: gold aura, non-regenerating
A: damage resistance, heal wounds, sense surroundings 1, no regeneration
a: Heal Wounds, Potion Petition, Call Merchant, Bribe Branch, Renounce Religion


You were on level 4 of the Dungeon.
You worshipped Gozag.
Gozag was aware of your devotion.
You were hungry.

You visited 2 branches of the dungeon, and saw 5 of its levels.

You collected 493 gold pieces.
You paid 46 gold pieces to Gozag.

Inventory:

Hand Weapons
 a - a +0 quarterstaff
 f - a +0 dagger (weapon)
Missiles
 k - 10 tomahawks (quivered)
Armour
 g - a +1 pair of gloves (worn)
 l - a +2 buckler (worn)
 n - a +0 leather armour (worn)
 r - a +0 cloak (worn)
Jewellery
 e - a ring of protection from fire (right hand)
 h - an uncursed ring of flight
 j - a +3 ring of slaying (left hand)
Wands
 m - a wand of paralysis (14/24)
 o - a wand of confusion (19/48)
Scrolls
 p - 2 scrolls of remove curse
 q - a scroll of enchant weapon {unknown}
 s - a scroll of magic mapping
 t - a scroll of identify
 u - a scroll of amnesia {unknown}
 v - 2 scrolls of enchant armour
 w - a scroll of teleportation {unknown}
Potions
 d - a potion of might {unknown}
 i - a potion of flight {unknown}
 x - a potion of resistance {unknown}
Books
 b - a book of Necromancy

   Spells                             Type                      Level
   a - Pain                           Necromancy                   1
   b - Animate Skeleton               Necromancy                   1
   c - Vampiric Draining              Necromancy                   3
   d - Regeneration                   Charms/Necromancy            3
   e - Animate Dead                   Necromancy                   4
   f - Control Undead                 Necromancy                   4
Comestibles
 c - 5 bread rations


   Skills:
 - Level 2.1 Dodging
 - Level 2.4 Stealth
 - Level 3.1 Spellcasting
 + Level 6.7 Necromancy
 + Level 3.5 Evocations


You had 7 spell levels left.
You knew the following spells:

 Your Spells              Type           Power        Failure   Level  Hunger
a - Pain                  Necr           ####         2%          1    None
v - Vampiric Draining     Necr           ####......   7%          3    ###....


Dungeon Overview and Level Annotations

Branches:
Dungeon (4/15)             Temple (1/1) D:4

Altars:
Elyvilon
Fedhas
Gozag
Hepliaklqana
Kikubaaqudgha
Makhleb
Nemelex Xobeh
Okawaru
Qazlal
Trog
Uskayaw
Vehumet
Xom
Yredelemnul

Annotations:
D:4 homeworkjunkie's ghost, amateur HOFi


Innate Abilities, Weirdness & Mutations

You are resistant to damage.
You can heal yourself by infusing magical energy.
You passively map a small area around you.
You do not regenerate.


Message History

You feel life coursing into your body. You block the ogre's attack.
You barely miss the ogre.
The ogre is heavily wounded.
The ogre barely misses you.
You hit the ogre.
The ogre is heavily wounded.
The ogre hits you with a giant club!!
You hit the ogre.
The ogre is heavily wounded.
The ogre closely misses you.
Your leather armour prevents you from hitting the ogre.
The ogre is heavily wounded.
You hit the ogre.
The ogre is severely wounded.
The ogre misses you.
You hit the ogre.
The ogre is almost dead.
The ogre hits you with a giant club!!
You die...
Your body crumbles into a pile of gold.

###########
#.........#
#.........#
#.[.......############
#....>....'...........
#.........############
#.........# #...
#####@###### #...
#O##...###** #####
#..'......,,...... * *
#'##...### ######
#...............
#............... ###
#............... ....
#..............≈ ####
#........#?...≈. ,


You could see an ogre.

Vanquished Creatures
  Duvessa (D:4)
  Dowan (D:4)
  Jessica (D:2)
  5 adders
  An ooze (D:1)
  A worm (D:3)
  2 dart slugs
  A leopard gecko (D:2)
  2 orcs
  5 bats
  3 giant cockroaches
  8 goblins (D:2)
  9 hobgoblins
  10 jackals
  2 quokkas
  A ball python (D:3)
  4 frilled lizards
  12 kobolds
  6 rats
75 creatures vanquished.

Notes
Turn   | Place    | Note
-------+----------+-------------------------------------------
     0 | D:1      | letownia2 the Deep Dwarf Necromancer began the quest for the Orb.
     0 | D:1      | Reached XP level 1. HP: 15/15 MP: 3/3
   190 | D:2      | Reached XP level 2. HP: 14/22 MP: 1/5
   327 | D:2      | Reached skill level 5 in Necromancy
   542 | D:3      | Reached XP level 3. HP: 9/28 MP: 3/6
   551 | D:3      | Learned a level 3 spell: Vampiric Draining
   605 | D:4      | Noticed homeworkjunkie's ghost (amateur HOFi)
   618 | D:4      | Noticed an ogre
   943 | D:4      | Noticed Dowan
  1014 | D:4      | Noticed Duvessa
  1459 | D:4      | Found a staircase to the Ecumenical Temple.
  1467 | Temple   | Entered the Ecumenical Temple
  1493 | Temple   | Became a worshipper of Gozag Ym Sagoz the Greedy
  1769 | D:2      | Found a faded altar of an unknown god.
  1975 | D:2      | Noticed Jessica
  1980 | D:2      | Killed Jessica
  1980 | D:2      | Reached XP level 4. HP: 16/36 MP: 1/8
  3275 | D:3      | Reached skill level 1 in Evocations
  3275 | D:3      | Reached XP level 5. HP: 26/42 MP: 4/9
  3317 | D:3      | Reached skill level 6 in Necromancy
  3521 | D:4      | Killed Dowan
  3522 | D:4      | Killed Duvessa
  3522 | D:4      | Reached XP level 6. HP: 24/49 MP: 0/10
  3602 | D:4      | Slain by an ogre

Skill      XL: |  1  2  3  4  5 |
---------------+----------------+-----
Spellcasting   | 2 3 |  3.1
Necromancy     | 5 6 |  6.7
Evocations     | 1 3 |  3.5
Dodging        | |  2.1
Stealth        | |  2.4

Action                   |  1- 3 |  4- 6 || total
-------------------------+-------+-------++-------
Melee: Unarmed           |    15 |       ||    15
       Dagger            |    11 |    41 ||    52
Throw: Tomahawk          |       |     2 ||     2
 Cast: Pain              |    49 |    73 ||   122
       Vampiric Draining |    15 |     9 ||    24
Invok: Potion Petition   |       |     1 ||     1
  Use: Scroll            |     2 |     3 ||     5
 Stab: Sleeping          |     1 |     1 ||     2
  Eat: Chunk             |     4 |       ||     4
       Meat ration       |     1 |       ||     1
       Royal jelly       |       |     1 ||     1
Armor: Robe              |     5 |       ||     5
       Leather armour    |     4 |    14 ||    18
Dodge: Dodged            |    31 |    36 ||    67
Block: Buckler           |     6 |    18 ||    24
